 Dungeon Crawl Stone Soup version 0.27.1-3-gb3d3a73c9e (webtiles) character file.

Game seed: 3793178594774013435

3108 Descartes the Zephyrmancer (level 9, -1/45 HPs)
             Began as a Deep Elf Air Elementalist on Oct 9, 2021.
             Was an Initiate of Gozag.
             Shot with a sling bullet by Joseph (12 damage)
             ... on level 7 of the Dungeon.
             The game lasted 00:25:14 (10132 turns).

Descartes the Zephyrmancer (DEAE)                  Turns: 10132, Time: 00:25:14

Health: -1/45      AC:  3    Str:  9    XL:     9   Next: 60%
Magic:  4/15       EV: 12    Int: 32    God:    Gozag
Gold:   545        SH:  0    Dex: 15    Spells: 6/14 levels left

rFire    x . .     SeeInvis .   F - +10 great sword of Enul {speed, rElec rF- rCorr Str+4}
rCold    . . .     Faith    .   (shield currently unavailable)
rNeg     . . .     Spirit   .   a - +0 robe
rPois    +         Reflect  .   (no helmet)
rElec    +         Harm     .   A - +0 cloak
rCorr    +         Rampage  .   (no gloves)
Will     .....                  (no boots)
Stlth    ++........             (no amulet)
HPRegen  0.15/turn              y - ring "Dilul" {Fly rCorr Int+8}
MPRegen  0.14/turn              h - ring of poison resistance

@: flying
A: no striking features
a: Renounce Religion, Potion Petition, Call Merchant, Bribe Branch


You were on level 7 of the Dungeon.
You worshipped Gozag.
Gozag was pleased with you.
You visited 2 branches of the dungeon, and saw 10 of its levels.

You collected 852 gold pieces.
You paid 307 gold pieces to Gozag.

Inventory:

Hand Weapons
 g - a +0 dagger of speed
 l - a +2 dagger of venom
 p - a +2 whip of pain
 F - the +10 great sword of Enul (weapon) {speed, rElec rF- rCorr Str+4}
   (You found it on level 6 of the Dungeon)

   Attacks with this weapon are significantly faster.
   Str:       It affects your strength (+4).
   rF:        It makes you vulnerable to fire.
   rElec:     It insulates you from electricity.
   rCorr:     It protects you from acid and corrosion.
Missiles
 c - 144 arrows
 e - 158 stones
 s - 8 datura-tipped darts
 v - 25 poisoned darts
 B - 2 curare-tipped darts
Armour
 a - a +0 robe (worn)
 t - a +0 buckler
 u - a +0 tower shield
 A - a +0 cloak (worn)
Magical Staves
 j - a staff of fire
Jewellery
 f - a ring of protection from cold
 h - a ring of poison resistance (right hand)
 y - the ring "Dilul" (left hand) {Fly rCorr Int+8}
   (You found it on level 5 of the Dungeon)

   [ring of flight]

   Int:       It affects your intelligence (+8).
   Fly:       It grants you flight.
   rCorr:     It protects you from acid and corrosion.
Scrolls
 b - 7 scrolls of identify {unknown}
 d - 2 scrolls of brand weapon {unknown}
 n - a scroll of torment {unknown}
 o - 2 scrolls of enchant weapon {unknown}
 r - 2 scrolls of amnesia {unknown}
 w - 2 scrolls of silence {unknown}
 z - a scroll of blinking {unknown}
 E - 2 scrolls of vulnerability {unknown}
Potions
 i - a potion of flight
 k - a potion of brilliance
 m - 3 potions of degeneration {unknown}
 q - a potion of haste {unknown}
 x - a potion of cancellation {unknown}
 C - a potion of attraction {unknown}
 D - a potion of ambrosia {unknown}
 G - a potion of might


   Skills:
 - Level 2.4 Dodging
 - Level 2.4 Stealth
 + Level 3.9 Shields
 - Level 3.0 Spellcasting
 + Level 9.0 Conjurations
 - Level 10.0 Air Magic


You had 6 spell levels left.
You knew the following spells:

 Your Spells              Type           Power      Damage    Failure   Level
a - Shock                 Conj/Air       100%       1d9       1%          1
b - Airstrike             Air            31%        N/A       1%          4
c - Swiftness             Air            62%        N/A       1%          3

Your spell library contained the following spells:

 Spells                   Type           Power      Damage    Failure   Level
 Static Discharge         Conj/Air       60%        N/A       1%          2
 Sublimation of Blood     Necr           2%         N/A       10%         2
 Wereblood                Tmut           4%         N/A       10%         2
 Summon Hydra             Summ           2%         N/A       100%        7


Dungeon Overview and Level Annotations

Branches:
Dungeon (9/15)             Temple (1/1) D:4
   Lair: D:8-11         Orc: D:9-12

Altars:
Ashenzari
Cheibriados
Dithmenos
Elyvilon
Gozag
Hepliaklqana
Kikubaaqudgha
Nemelex Xobeh
Okawaru
Qazlal
Sif Muna
Trog
Wu Jian
Xom
Yredelemnul
Zin
The Shining One

Annotations:
D:7 Joseph


Message History

Aiming: Shock (safe; 1% risk of failure)
Press: ? - help, Shift-Dir - straight line, f - kobold
Aim: a kobold, wielding a +0 dagger and quivering stones (wandering, hasn't noticed you, 67% to hit)
The zap hits the kobold!
You kill the kobold!
Magic restored.
You now have 545 gold pieces (gained 6).
e - 158 stones (gained 2)
You see here a +0 dagger.
Joseph is nearby!
Casting: Shock (safe; 1% risk of failure)
Confirm with . or Enter, or press ? or * to list all spells.
Aiming: Airstrike (dangerous; 1% risk of failure)
Press: ? - help, Dir - move target, f - Joseph
Aim: Joseph, wielding a +0 hunting sling, wearing a +0 leather armour and quivering sling bullets (wandering, hasn't noticed you)
The air twists around and strikes Joseph!
Joseph shouts!
Joseph is lightly wounded.
Joseph shoots a sling bullet.
The sling bullet closely misses you.
You'd need three hands to do that!
Casting: Airstrike (dangerous; 1% risk of failure)
Confirm with . or Enter, or press ? or * to list all spells.
Aiming: Airstrike (dangerous; 1% risk of failure)
Press: ? - help, Dir - move target, f/p - Joseph
Aim: Joseph, wielding a +0 hunting sling, wearing a +0 leather armour and quivering sling bullets (lightly wounded)
The air twists around and strikes Joseph!
Joseph is heavily wounded.
Joseph shoots a sling bullet.
The sling bullet hits you!
Casting: Airstrike (dangerous; 1% risk of failure)
Confirm with . or Enter, or press ? or * to list all spells.
Aiming: Airstrike (dangerous; 1% risk of failure)
Press: ? - help, Dir - move target, f/p - Joseph
Aim: Joseph, wielding a +0 hunting sling, wearing a +0 leather armour and quivering sling bullets (heavily wounded)
The air twists around and strikes Joseph!
Joseph is severely wounded.
Joseph shoots a sling bullet.
The sling bullet hits you!!
* * * LOW HITPOINT WARNING * * *
Joseph shoots a sling bullet.
The sling bullet hits you!
You die...
Your body crumbles into a pile of gold.

#..
##.###.####...#........
..# #..#(.#...............
##
#####.@)##.##...#.#....##
#.####..).......#.####..#
#...#..........##.## ##..
###.##..######.<...#####.
#.#....# ###.........
#.#.##.######..#.#.###.
#.....@................
##.###..########...##..
####...........## #...###.
#.......######..###.##....
#...)...# ##.##..##..##
#.......# #....###.##
######### ##.### ### ###


You could see Joseph.

Vanquished Creatures
  Pikel (D:6)
  A hornet (D:8)
  Sigmund (D:4)
  Eustachio (D:4)
  An acid dragon (D:7)
  2 black bears
  A sky beast (D:5)
  An orc warrior (D:8)
  A necrophage (D:7)
  2 ogres (D:6)
  A centaur (D:7)
  2 phantoms
  A lemure (D:7)
  2 kobold brigands
  A bullfrog (D:6)
  A gnoll sergeant (D:5)
  A wyvern skeleton (D:5)
  A water moccasin skeleton (D:5)
  3 wights (D:8)
  3 howler monkeys
  2 jellies
  A bullfrog zombie (D:5)
  A bullfrog skeleton (D:5)
  An orc priest (D:4)
  3 hounds
  An orc wizard (D:4)
  5 iguanas
  A hound skeleton (D:4)
  4 gnolls
  5 adders
  A howler monkey skeleton (D:4)
  2 shadow imps
  An ufetubus (D:7)
  An adder skeleton (D:4)
  3 worms
  A dart slug (D:1)
  28 orcs
  4 bats
  6 endoplasms
  3 giant cockroaches
  9 goblins
  5 hobgoblins
  7 jackals
  3 quokkas
  2 ball pythons
  4 frilled lizards
  15 kobolds
  8 rats
155 creatures vanquished.

Notes
Turn   | Place    | Note
-------+----------+-------------------------------------------
     0 | D:1      | Descartes the Deep Elf Air Elementalist began the quest for
                  | the Orb.
     0 | D:1      | Reached XP level 1. HP: 10/10 MP: 6/6
   322 | D:1      | Reached XP level 2. HP: 6/15 MP: 0/8
   721 | D:1      | Found a faded altar of an unknown god.
  1154 | D:2      | Reached XP level 3. HP: 19/19 MP: 7/9
  1799 | D:2      | Found an ancient bone altar of Kikubaaqudgha.
  1899 | D:2      | Reached skill level 4 in Air Magic
  2359 | D:3      | Reached XP level 4. HP: 24/24 MP: 8/10
  2833 | D:3      | Learned a level 4 spell: Airstrike
  3232 | D:3      | Learned a level 3 spell: Swiftness
  3416 | D:4      | Noticed a black bear
  3417 | D:4      | Noticed a black bear
  3435 | D:3      | Killed a black bear
  3436 | D:3      | Reached XP level 5. HP: 15/28 MP: 3/11
  4003 | D:4      | Noticed Sigmund
  4214 | D:4      | Noticed a phantom
  4218 | D:4      | Killed a phantom
  4219 | D:4      | Reached skill level 5 in Air Magic
  4219 | D:4      | Reached XP level 6. HP: 32/32 MP: 2/12
  4389 | D:4      | Killed Sigmund
  4390 | D:4      | Reached skill level 5 in Conjurations
  4682 | D:4      | Noticed Eustachio
  4702 | D:4      | Killed Eustachio
  4703 | D:4      | Reached skill level 6 in Air Magic
  4703 | D:4      | Reached XP level 7. HP: 17/36 MP: 2/13
  4903 | D:4      | Found a staircase to the Ecumenical Temple.
  4912 | Temple   | Entered the Ecumenical Temple
  4981 | Temple   | Became a worshipper of Gozag Ym Sagoz the Greedy
  5914 | D:5      | Entered Level 5 of the Dungeon
  6049 | D:5      | Reached skill level 7 in Air Magic
  6167 | D:5      | Reached XP level 8. HP: 29/41 MP: 3/14
  6835 | D:5      | Identified the ring "Dilul" {Fly rCorr Int+8}
  6882 | D:5      | Reached skill level 1 in Shields
  6882 | D:5      | Reached skill level 8 in Air Magic
  7761 | D:6      | You are sucked into a shaft and drop 3 floors!
  7908 | D:8      | Reached skill level 9 in Air Magic
  8179 | D:8      | Reached XP level 9. HP: 45/45 MP: 6/15
  8438 | D:6      | Identified the +10 great sword of Enul {speed, rElec rF-
                  | rCorr Str+4}
  9046 | D:7      | Noticed Pikel
  9141 | D:6      | HP: 2/45 [kobold (1)]
  9235 | D:6      | Killed Pikel
  9236 | D:6      | Reached skill level 10 in Air Magic
  9727 | D:7      | Noticed Joseph
 10132 | D:7      | Shot with a sling bullet by Joseph

Illustrated notes

Levels and vault maps discovered:
D:1:      dpeg_arrival_erosion, layout_basic, ebering_ecumenical_altar_mist
D:2:      layout_basic, basic_altar, minmay_misc_feat_rows
D:3:      layout_loops_cross
D:4:      layout_cave_pods, minmay_temple_entry_mini_moons, uniq_eustachio,
          uniq_sigmund
D:5:      layout_loops_ring
D:6:      layout_cave_pools
D:7:      layout_rooms, uniq_pikel, uniq_joseph
D:8:      layout_layer_cave, uniq_maggie
D:9:      layout_basic, vehumet_altar_wand_db, eino_house_with_fridge
Temple:   minmay_crystal_spiral_temple

Skill      XL: |  1  2  3  4  5  6  7  8  9 |
---------------+----------------------------+-----
Conjurations   | 2 3 4 6 7 8 9 |  9.0
Air Magic      | 4 5 6 7 9 10 | 10.0
Shields        | 2 3 |  3.9
Dodging        | |  2.4
Stealth        | |  2.4
Spellcasting   | |  3.0

Action                   |  1- 3 |  4- 6 |  7- 9 || total
-------------------------+-------+-------+-------++-------
Melee: Dagger            |    14 |       |       ||    14
       Whip              |       |    12 |    33 ||    45
       Great sword       |       |       |     3 ||     3
 Cast: Shock             |    91 |    88 |   149 ||   328
       Airstrike         |       |     7 |    49 ||    56
Invok: Potion Petition   |       |       |     1 ||     1
  Use: Potion            |       |     4 |     4 ||     8
Armor: Robe              |     3 |     6 |     6 ||    15
       Skin              |       |    18 |    30 ||    48
Dodge: Dodged            |    22 |    32 |    32 ||    86
